 Dungeon Crawl Stone Soup version 0.19-a0 (webtiles) character file.

52 warlockg3 the Firebug (level 3, 0/26 HPs)
             Began as a Draconian Fire Elementalist on Apr 27, 2016.
             Succumbed to an adder's poison
             ... on level 2 of the Dungeon.
             The game lasted 00:54:32 (1971 turns).

warlockg3 the Firebug (Draconian Fire Elementalist) Turns: 1971, Time: 00:54:33

Health: 0/26       AC:  7    Str: 10    XL:     3   Next: 60%
Magic:  6/6        EV: 12    Int: 16    God:
Gold:   35         SH:  0    Dex: 11    Spells: 2 memorised, 3 levels left

rFire  . . .     SeeInvis .     i - +0 glaive
rCold  . . .     Gourm    .     (armour unavailable)
rNeg   . . .     Faith    .     (shield currently unavailable)
rPois  .         Spirit   .     f - +2 hat
rElec  .         Dismiss  .     (no cloak)
rCorr  .         Reflect  .     (no gloves)
SustAt .         Harm     .     (no boots)
MR     .....                    (no amulet)
Stlth  +++.......               (no ring)
                                c - ring of stealth

@: lethally poisoned (0 -> -6), not resistant to hostile enchantments, fairly
stealthy
A: unfitting armour, cold-blooded, AC +5
a: no special abilities


You were on level 2 of the Dungeon.
You were hungry.

You visited 1 branch of the dungeon, and saw 2 of its levels.

You collected 35 gold pieces.

Inventory:

Hand Weapons
 i - a +0 glaive (weapon)
Armour
 f - a +2 hat (worn)
Jewellery
 c - a ring of stealth (left hand)
Scrolls
 e - 2 scrolls of identify {unknown}
 g - a scroll of noise {unknown}
 h - a scroll of recharging {unknown}
Books
 a - a book of Flames

   Spells                             Type                      Level
   a - Flame Tongue                   Conjuration/Fire             1
   b - Throw Flame                    Conjuration/Fire             2
   c - Conjure Flame                  Conjuration/Fire             3
   d - Inner Flame                    Hexes/Fire                   3
   e - Sticky Flame                   Conjuration/Fire             4
   f - Fireball                       Conjuration/Fire             5
Comestibles
 b - 2 bread rations
 d - a meat ration


   Skills:
 + Level 0.2 Fighting
 + Level 2.6 Dodging
 + Level 2.1 Stealth
 + Level 0.6 Unarmed Combat
 + Level 2.0 Spellcasting
 + Level 1.1 Conjurations
 + Level 3.5 Fire Magic


You had 3 spell levels left.
You knew the following spells:

 Your Spells              Type           Power        Failure   Level  Hunger
a - Flame Tongue          Conj/Fire      #....        10%         1    #......
b - Throw Flame           Conj/Fire      #.....       14%         2    ###....


Dungeon Overview and Level Annotations

Branches:
Dungeon (2/15)

Altars:


Innate Abilities, Weirdness & Mutations

Your plain brown scales are hard (AC +5).
Your body does not fit into most forms of armour.
You are cold-blooded and may be slowed by cold attacks.


Message History

The adder misses you. The rat bites you but does no damage.
The adder bites you but does no damage.
You barely miss the adder.
Your tail-slap misses the adder.
The adder is severely wounded.
* * * LOW HITPOINT WARNING * * *
You feel sick. The adder bites you.
* * * LOW HITPOINT WARNING * * *
The rat closely misses you. The adder closely misses you.
You slash the adder!
You kill the adder!
* * * LOW HITPOINT WARNING * * *
You feel sick. The rat bites you but does no damage.
The rat completely misses you.
You hit the rat.
The rat is severely wounded.
* * * LOW HITPOINT WARNING * * *
You feel sick. The rat barely misses you. The rat closely misses you.
You closely miss the rat.
The rat is severely wounded.
You die...

#.# #..... ######.#
.....###. #...(^.#
###..#...
###.###..###.##......(..
......#.........##......
#......####.###........
#.........# .#.###.#
#.##.#.##.# ... #.# #
#.r@# # .. #.. #.#†# ###
...... #. #####.## #.
#.# ####. #.# ..... ...
..... #.# ..... ####.


You could see a rat.

Vanquished Creatures
  2 adders (D:2)
  A worm (D:2)
  3 dart slugs (D:1)
  A ball python (D:1)
  5 bats
  3 hobgoblins
  2 goblins (D:1)
  4 kobolds (D:1)
  6 rats
27 creatures vanquished.

Notes
Turn   | Place    | Note
--------------------------------------------------------------
     0 | D:1      | warlockg3 the Draconian Fire Elementalist began the quest for the Orb.
     0 | D:1      | Reached XP level 1. HP: 14/14 MP: 3/3
   434 | D:1      | Reached XP level 2. HP: 11/20 MP: 5/5
  1242 | D:1      | Learned a level 2 spell: Throw Flame
  1310 | D:2      | Reached XP level 3. HP: 11/26 MP: 6/6
  1970 | D:2      | HP: 1/26 [poisoned by an adder]
  1971 | D:2      | Succumbed to an adder's poison

Vault maps used:
D:1:      roderic_octagonal_star, minmay_box_of_dots
D:2:      grunt_ashenzari_visionary

Skill      XL: |  1  2 |
---------------+-------+-----
Dodging        | 2 |  2.6
Stealth        | 2 |  2.1
Fighting       | |  0.2
Unarmed Combat | |  0.6
Spellcasting   | |  2.0
Conjurations   | |  1.1
Fire Magic     | |  3.5

Action                   || total
-------------------------++-------
Melee: Unarmed           ||    98
       Tailslap          ||    11
       Glaive            ||    48
 Cast: Flame Tongue      ||    10
  Use: Potion            ||     1
 Stab: Sleeping          ||     5
  Eat: Chunk             ||     3
Armor: Skin              ||    64
Dodge: Dodged            ||   148
